Map: Prion Terraces

Players

Supermegaman - Winner!

  • Race: Terran Terran
  • League: Gold

xJakE

  • Race: Protoss Protoss
  • League: Silver

VOD

Have the link to the VOD?

Description

Time

  • Played on: Jan. 19, 2016, 11:17 p.m.
  • Length: 5:04
Show
View Real Time Build Order
Export as new Build Order

Supermegaman Terran - Winner!

Build Orders:  

Get SALT Encoding   

  12  0:01  SCV  
  13  0:13  SCV  
  14  0:19  Supply Depot  
  14  0:27  SCV  
  15  0:40  SCV  
  16  0:43  Barracks  
  16  0:54  SCV  
  17  1:00  Supply Depot  
  17  1:18  Barracks  
  17  1:21  Barracks  
  17  1:26  SCV  
  18  1:37  Supply Depot  
  18  1:39  Marine  
  19  1:48  Orbital Command  
  19  1:57  Marine  
  20  2:07  Marine  
  21  2:13  Barracks  
  21  2:14  Marine  
  22  2:22  Barracks  
  22  2:25  Marine  
  22  2:26  Marine  
  24  2:35  Marine  
  25  2:43  Marine x2  
  27  2:53  Marine  
  28  3:01  Marine x2  
  28  3:02  Supply Depot  
  28  3:04  Supply Depot, Marine  
  31  3:11  Marine x2  
  33  3:18  Marine  
  33  3:19  Marine  
  35  3:22  Marine  
  36  3:29  Marine x2  
  38  3:36  Marine  
  38  3:37  Marine  
  38  3:40  Marine  
  40  3:56  Marine x2  
  40  4:01  Marine x3  
  45  4:13  Marine  
  45  4:14  Marine  
  45  4:22  Marine x3  
  48  4:31  Marine x2  
  50  4:40  Marine x3  
Show
View Real Time Build Order
Export as new Build Order

xJakE Protoss 

Build Orders:  

Get SALT Encoding   

  12  0:01  Probe (Chrono Boost)  
  13  0:12  Probe (Chrono Boost)  
  14  0:19  Pylon  
  14  0:24  Probe (Chrono Boost)  
  15  0:37  Probe (Chrono Boost)  
  15  0:38  Gateway  
  16  0:47  Assimilator  
  16  0:50  Assimilator  
  16  0:52  Probe (Chrono Boost)  
  17  1:03  Probe (Chrono Boost)  
  18  1:10  Gateway  
  18  1:19  Probe (Chrono Boost)  
  19  1:30  Probe (Chrono Boost)  
  20  1:33  Cybernetics Core  
  20  1:39  Pylon  
  20  1:40  Probe (Chrono Boost)  
  21  1:50  Pylon  
  21  1:57  Probe (Chrono Boost)  
  22  2:21  Warp Gate (Chrono Boost)  
  22  2:24  Adept  
  22  2:25  Adept  
  22  2:28  Gateway  
  26  2:32  Gateway  
  26  2:40  Gateway  
  26  2:45  Probe  
  27  2:58  Mothership Core  
  29  3:07  Adept x2  
  33  3:30  Stalker  
  33  3:31  Stalker  
  37  3:36  Adept  
  39  4:20  Adept  
  39  4:27  Pylon  
  36  4:41  Mothership Core (Chrono Boost)  
Tags
 
Add a new tag
Caveats
  • Supply blocks, unpowered buildings, or Contaminate may cause inaccurate times.
  • Supply counts are checked every 10 seconds.